 Dungeon Crawl Stone Soup version 0.28-a0-1190-g77e1c55843 (webtiles) character file.

Game seed: 14804586929574217677

9 karrick the Sneak (level 2, 0/20 HPs)
             Began as a Gnoll Enchanter on Dec 19, 2021.
             Slain by a jackal (2 damage)
             ... on level 1 of the Dungeon.
             The game lasted 00:02:58 (868 turns).

karrick the Sneak (Gnoll Enchanter)                  Turns: 868, Time: 00:02:59

Health: 0/20       AC:  2    Str:  7    XL:     2   Next: 16%
Magic:  7/7        EV: 13    Int: 14    God:
Gold:   7          SH:  0    Dex: 12    Spells: 10/10 levels left

rFire   . . .      SeeInvis .   a - +1 dagger
rCold   . . .      Faith    .   (no shield)
rNeg    . . .      Spirit   .   b - +0 robe
rPois   .          Reflect  .   (no helmet)
rElec   .          Harm     .   (no cloak)
rCorr   .          Rampage  .   (no gloves)
Will    .....                   (no boots)
Stlth   +++.......              (no amulet)
HPRegen 0.06/turn               (no ring)
MPRegen 0.10/turn               (no ring)

@: invisible
A: fangs 1, strong nose, distributed training
a: no special abilities


You were on level 1 of the Dungeon.
You visited 1 branch of the dungeon, and saw 1 of its levels.

You collected 7 gold pieces.

Inventory:

Hand Weapons
 a - a +1 dagger (weapon)
Armour
 b - a +0 robe (worn)


   Skills:
 + Level 0.3 Fighting
 + Level 2.4 Short Blades
 + Level 0.3 Long Blades
 + Level 0.3 Axes
 + Level 0.3 Maces & Flails
 + Level 0.3 Polearms
 + Level 0.3 Staves
 + Level 0.3 Slings
 + Level 0.3 Bows
 + Level 0.3 Crossbows
 + Level 0.3 Throwing
 + Level 0.3 Armour
 + Level 4.4 Dodging
 + Level 5.9 Stealth
 + Level 0.3 Shields
 + Level 0.3 Unarmed Combat
 + Level 4.9 Spellcasting
 + Level 0.2 Conjurations
 + Level 5.3 Hexes
 + Level 0.2 Summonings
 + Level 0.2 Necromancy
 + Level 0.2 Translocations
 + Level 0.2 Transmutations
 + Level 0.2 Fire Magic
 + Level 0.2 Ice Magic
 + Level 0.2 Air Magic
 + Level 0.2 Earth Magic
 + Level 0.2 Poison Magic
 + Level 0.4 Invocations
 + Level 0.3 Evocations


You had 10 spell levels left.
You didn't know any spells.
Your spell library contained the following spells:

 Spells                   Type           Power      Damage    Failure   Level
 Confusing Touch          Hex            18%        N/A       6%          3
 Tukima's Dance           Hex            18%        N/A       6%          3
 Ensorcelled Hibernation  Hex/Ice        22%        N/A       9%          2
 Dazzling Flash           Conj/Hex       22%        N/A       17%         3


Dungeon Overview and Level Annotations

Branches:
Dungeon (1/15)

Altars:

Shops:
D:1 (


Innate Abilities, Weirdness & Mutations

You have very sharp teeth.
Your uncanny sense of smell can sniff out nearby items.
Your experience applies equally to all skills.


Message History

A jackal comes into view.
Found 4 gold pieces.
The jackal barks!
The jackal barely misses you.
You hit the jackal but do no damage. You hit the jackal but do no damage.
The jackal barely misses you. The jackal bites you. x2
You are too injured to fight recklessly!
There are monsters nearby!
Nothing quivered!
The jackal bites you.
You hit the jackal but do no damage. The jackal closely misses you.
You hit the jackal.
The jackal is heavily wounded.
The jackal bites you.
* * * LOW HITPOINT WARNING * * *
You hit the jackal.
The jackal is almost dead.
The jackal closely misses you.
You closely miss the jackal.
The jackal is severely wounded.
The jackal bites you.
* * * LOW HITPOINT WARNING * * *
You closely miss the jackal. The jackal bites you.
* * * LOW HITPOINT WARNING * * *
You barely miss the jackal. The jackal barely misses you.
You closely miss the jackal.
The jackal bites you but does no damage.
You fade into invisibility!
The jackal misses you. x2
You hit the jackal.
The jackal is almost dead.
The jackal barely misses you. The jackal misses you.
You closely miss the jackal.
The jackal is almost dead.
The jackal closely misses you. x2
You barely miss the jackal.
The jackal is almost dead.
The jackal closely misses you. The jackal bites you.
You die...

..+...##...####........#
###.......####...#.#####
##..#.)...#....#...#
#.........#.#?.#
#....###.#...#)#
.......###..∩..###
.........#.#...#..#
.............#h#h..#
..............#@...#
........####...#
........# ..###
.........##.##
.......#..#. ......#
..>. ....$# ....# #####
...## ####


You could see 2 jackals.

Vanquished Creatures
  A bat (D:1)
  2 endoplasms (D:1)
  A hobgoblin (D:1)
  A jackal (D:1)
  3 kobolds (D:1)
8 creatures vanquished.

Notes
Turn   | Place    | Note
-------+----------+-------------------------------------------
     0 | D:1      | karrick the Gnoll Enchanter began the quest for the Orb.
     0 | D:1      | Reached XP level 1. HP: 13/13 MP: 6/6
   679 | D:1      | Found Vouleem's Weapon Shop.
   690 | D:1      | Reached XP level 2. HP: 8/19 MP: 7/7
   868 | D:1      | Slain by a jackal

Illustrated notes

Levels and vault maps discovered:
D:1:      sevenhm_arrival_forest_fort_small_5, layout_rooms, serial_shops,
          nicolae_diamond_shop, nicolae_shop_overgrown_old_shop, shop

Action                   || total
-------------------------++-------
Melee: Dagger            ||    51
       Bite              ||     2
  Use: Potion            ||     1
Armor: Robe              ||    11
Dodge: Dodged            ||    41

Table legend: (Time is in decaauts)
 A = Elapsed time spent in this place.
 B = Non-inter-level travel time spent in this place.
 C = Inter-level travel time spent in this place.
 D = Time resting spent in this place.
 E = Time spent auto-exploring this place.
 F = Levels seen in this place.
 G = Mean time per level.
                   A        B        C        D        E       F      G
               +--------+--------+--------+--------+--------+-----+--------+
         Total |    864 |    864 |      0 |    282 |    460 |   1 |  864.0 |
       Dungeon |    864 |    864 |      0 |    282 |    460 |   1 |  864.0 |
               +--------+--------+--------+--------+--------+-----+--------+

Top non-repeatable levels by time:
     D:1: 864 daAuts
